 Dungeon Crawl Stone Soup version 0.29.1-1-gd02db69 (webtiles) character file.

Game seed: 1522549121038542581

121 Timinator the Insei (level 4, 0/52 HPs)
             Began as a Demigod Transmuter on Jan 14, 2023.
             Slain by a river rat (7 damage)
             ... on level 3 of the Dungeon.
             The game lasted 00:06:06 (1964 turns).

Timinator the Insei (Demigod Transmuter)            Turns: 1964, Time: 00:06:07

Health: 0/52       AC: 22    Str: 11    XL:     4   Next: 49%
Magic:  6/9        EV:  2    Int: 15    God:
Gold:   115        SH:  0    Dex: 18    Spells: 0/7 levels left

rFire   + . .      SeeInvis .     - Unarmed
rCold   . . .      Faith    .   (no shield)
rNeg    + . .      Spirit   .   (body armour currently unavailable)
rPois   +          Reflect  .   (helmet currently unavailable)
rElec   .          Harm     .   (cloak currently unavailable)
rCorr   .          Rampage  .   (gloves currently unavailable)
Will    .....      NoTele   +   (boots currently unavailable)
Stlth   ++........              (no amulet)
HPRegen 0.17/turn               d - ring of positive energy
MPRegen 0.11/turn               a - ring of protection from fire

@: tree-form, wereblooded (expiring)
A: stationary, stasis, torment immunity, boosted hp, high MP 1, forlorn, divine
attributes
a: no special abilities


You were on level 3 of the Dungeon.
You were a tree.
You visited 1 branch of the dungeon, and saw 3 of its levels.

You collected 115 gold pieces.

Inventory:

Missiles
 c - 2 poisoned darts
 h - 3 javelins (quivered)
Armour
 i - a +0 leather armour (melded)
 m - a +0 pair of gloves (melded)
Jewellery
 a - a ring of protection from fire (right branch)
 d - a ring of positive energy (left branch)
 k - an amulet of regeneration
Scrolls
 e - a scroll of teleportation {unknown}
 f - a scroll of magic mapping {unknown}
 j - a scroll of amnesia {unknown}
Potions
 l - a potion of degeneration
 n - a potion of curing {unknown}
 o - a potion of heal wounds {unknown}
 p - a potion of brilliance


   Skills:
 + Level 1.3 Fighting
 * Level 1.3 Armour
 * Level 2.4 Dodging
 * Level 3.4 Unarmed Combat
 + Level 2.1 Spellcasting
 * Level 2.6 Transmutations


You couldn't memorise any spells.
You knew the following spells:

 Your Spells              Type           Power      Damage    Failure   Level
a - Beastly Appendage     Tmut           18%        N/A       8%          1
b - Wereblood             Tmut           9%         N/A       12%         2
c - Ice Form              Ice/Tmut       5%         N/A       77%         4

Your spell library contained the following spells:

 Spells                   Type           Power      Damage    Failure   Level
 Apportation              Tloc           2%         N/A       22%         1
 Necrotise                Necr           4%         1d4       22%         1
 Summon Small Mammal      Summ           4%         N/A       22%         1
 Static Discharge         Conj/Air       1%         3-4/arc   32%         2
 Spider Form              Tmut/Pois      5%         N/A       36%         3
 Lightning Bolt           Conj/Air       0%         1d11      99%         5
 Maxwell's Capacitive Co  Air            0%         ∞         100%        8


Dungeon Overview and Level Annotations

Branches:
Dungeon (2/15)


Innate Abilities, Weirdness & Mutations

You are a tree.
Your roots penetrate the ground, keeping you stationary.
You cannot be teleported.
You are immune to unholy pain and torment.
Your maximum health is greatly increased.
Your equipment is partially melded.
You have an increased reservoir of magic. (+10% MP)
You shall have no god before yourself.
Your divine heritage dramatically boosts your attributes as you level up.


Message History

You hit the river rat but do no damage. The river rat bites you.
The river rat closely misses you.
You hit the river rat. Your headbutt misses the river rat.
The river rat is lightly wounded.
You howl as the wereblood boils in your veins!
Your transformation is almost over.
The river rat bites you. The river rat closely misses you.
You closely miss the river rat.
You claw the river rat, but do no damage.
The river rat is moderately wounded.
You hear the slow rusting of a drain very nearby.
You howl as the wereblood boils in your veins!
The river rat bites you! The river rat barely misses you.
The river rat attacks as you move away! The river rat barely misses you.
The river rat bites you. The river rat attacks as you move away!
The river rat bites you.
* * * LOW HITPOINT WARNING * * *
You hit the river rat.
The river rat is moderately wounded.
Your primal bloodlust is almost over.
The river rat barely misses you.
You closely miss the river rat.
The river rat is moderately wounded.
Your horns disappear.
Your talons disappear.
The river rat barely misses you.
Casting: Beastly Appendage (safe; 10% risk of failure)
Confirm with . or Enter, or press ? or * to list all spells.
You grow a pair of large bovine horns.
Your feet morph into talons.
The river rat bites you.
* * * LOW HITPOINT WARNING * * *
The river rat twitches its whiskers.
Really quaff the potion of lignification?
Uppercase [Y]es or [N]o only, please.
Really quaff the potion of lignification?
Your horns disappear.
Your talons disappear.
You turn into a tree.
Your +0 pair of gloves melds into your body.
Your +0 leather armour melds into your body.
Your roots penetrate the ground.
The river rat bites you!
You die...

#.......#
####.......# #
#......†...# #.
#.###.....# .#
###...##....# .#
#...#.###.#.#### .#
...............# .#
.....##'##.....##.#
.†⌠.##...##.⌠.rr♣.#
..†##.)...##...####
..#####....##..#
.## ##....##.# .#
.#....$#.# .#
.#.._..#.# .#
.#.....#.# .## #.#
..##


You could see 2 river rats.

Vanquished Creatures
  Natasha (thrice) (D:2)
  2 dart slugs
  2 ball pythons (D:1)
  An endoplasm (D:1)
  3 giant cockroaches
  4 goblins
  6 hobgoblins
  7 jackals
  2 quokkas
  4 bats
  2 frilled lizards (D:1)
  A kobold (D:2)
  A rat (D:3)
38 creatures vanquished.

Notes
Turn   | Place    | Note
-------+----------+-------------------------------------------
     0 | D:1      | Timinator the Demigod Transmuter began the quest for the
                  | Orb.
     0 | D:1      | Reached XP level 1. HP: 15/15 MP: 5/5
    91 | D:1      | Reached skill level 1 in Fighting
   520 | D:1      | Reached XP level 2. HP: 23/23 MP: 5/7
   815 | D:1      | Reached skill level 3 in Unarmed Combat
  1291 | D:2      | Noticed Natasha
  1301 | D:2      | Killed Natasha
  1302 | D:2      | Reached XP level 3. HP: 8/28 MP: 6/8
  1398 | D:2      | Noticed Natasha
  1406 | D:2      | Killed Natasha
  1407 | D:2      | Reached skill level 1 in Armour
  1621 | D:2      | Reached XP level 4. HP: 31/35 MP: 7/9
  1626 | D:2      | Learned a level 2 spell: Wereblood
  1631 | D:2      | Learned a level 4 spell: Ice Form
  1685 | D:2      | Noticed Natasha
  1693 | D:2      | Killed Natasha
  1853 | D:2      | You fall into a shaft and drop 1 floor!
  1964 | D:3      | Slain by a river rat

Illustrated notes

Levels and vault maps discovered:
D:1:      lightli_molten_gateway, layout_basic, kennysheep_pointless_box,
          chequers_serial_rivers_large_a, minmay_3d_cube
D:2:      layout_basic, shapermc_ecumenical_altar_hornbeckon, serial_shops,
          shop, item_on_display_a, uniq_natasha
D:3:      layout_loops_corners, nicolae_dithmenos_through_a_glass_darkly,
          nicolae_uskayaw_murder_on_the_dancefloor,
          nicolae_overflow_ecumenical_swirl, portal_sewer_entry_b

Skill      XL: |  1  2  3 |
---------------+----------+-----
Fighting       | 1 |  1.3
Transmutations | 2 |  2.6
Unarmed Combat | 3 |  3.4
Dodging        | 2 |  2.4
Spellcasting   | 2 |  2.1
Armour         | 1 |  1.3

Action                   |  1- 3 |  4- 6 || total
-------------------------+-------+-------++-------
Melee: Unarmed           |    66 |    36 ||   102
       Kick              |    19 |     8 ||    27
       Headbutt          |     8 |     4 ||    12
 Cast: Beastly Appendage |    16 |     9 ||    25
       Wereblood         |       |     1 ||     1
  Use: Potion            |     2 |     1 ||     3
       Scroll            |       |     2 ||     2
 Stab: Sleeping          |     1 |       ||     1
Armor: Skin              |     9 |       ||     9
       Robe              |     5 |       ||     5
       Leather armour    |     3 |     8 ||    11
Dodge: Dodged            |    33 |    40 ||    73
